 Seeded DCSS version 0.29.1-1-gd02db6906a (webtiles) character file.

Game seed: 11355732149685707320 (custom seed)

79 gzilladon the Chopper (level 4, -6/40 HPs)
             Began as a Hill Orc Monk on Sept 28, 2022.
             Was a Believer of Beogh.
             Mangled by a gnoll
             ... wielding a +0 halberd
              (8 damage)
             ... on level 3 of the Dungeon.
             The game lasted 00:05:13 (2320 turns).

gzilladon the Chopper (Hill Orc Monk)               Turns: 2320, Time: 00:05:13

Health: -6/40      AC:  6    Str: 15    XL:     4   Next: 38%
Magic:  4/4        EV:  5    Int: 10    God:    Beogh [**....]
Gold:   72         SH: 10    Dex: 13    Spells: 3/3 levels left

rFire   . . .      SeeInvis .   a - +0 hand axe
rCold   . . .      Faith    .   g - +0 tower shield
rNeg    . . .      Spirit   .   d - +0 scale mail
rPois   .          Reflect  .   (no helmet)
rElec   .          Harm     .   (no cloak)
rCorr   .          Rampage  .   (no gloves)
Will    .....                   (no boots)
Stlth   ..........              (no amulet)
HPRegen 0.13/turn               (no ring)
MPRegen 0.09/turn               (no ring)

@: no status effects
A: no striking features
a: Renounce Religion, Smiting


You were on level 3 of the Dungeon.
You worshipped Beogh.
Beogh was pleased with you.
You visited 1 branch of the dungeon, and saw 3 of its levels.

You collected 72 gold pieces.

Inventory:

Hand Weapons
 a - a +0 hand axe (weapon)
Missiles
 j - 7 stones (quivered)
Armour
 b - a +0 robe
 d - a +0 scale mail (worn)
 g - a +0 tower shield (worn)
Scrolls
 e - 4 scrolls of identify {unknown}
 f - a scroll of teleportation {unknown}
 h - a scroll of fear {unknown}
 i - a scroll of magic mapping {unknown}
 l - a scroll of blinking {unknown}
Potions
 c - a potion of ambrosia
 k - a potion of lignification {unknown}


   Skills:
 + Level 4.1 Fighting
 * Level 5.5 Axes
 + Level 1.0 Armour
 + Level 2.7 Dodging
 - Level 1.5 Stealth
 + Level 0.7 Shields


You had 3 spell levels left.
You didn't know any spells.
Your spell library contained the following spells:

 Spells                   Type           Power      Damage    Failure   Level
 Anguish                  Hex/Necr       0%         N/A       100%        4
 Enfeeble                 Hex            0%         N/A       100%        7


Dungeon Overview and Level Annotations

Branches:
Dungeon (3/15)

Altars:

Shops:
D:1 *


Message History

You closely miss the river rat.
The river rat is severely wounded.
The river rat bites you but does no damage.
The river rat closely misses you.
You barely miss the river rat.
The river rat is severely wounded.
You block the river rat's attack.
You hit the river rat.
The river rat is almost dead.
You block the river rat's attack. The river rat bites you.
* * * LOW HITPOINT WARNING * * *
You hit the river rat.
You kill the river rat!
Beogh accepts your kill.
Your Armour skill increases to level 1!
You start resting.
A gnoll comes into view. It is wielding a +0 halberd.
A worm comes into view.
The gnoll shouts!
You hear a shout!
The gnoll hits you from afar with a +0 halberd.
You block the gnoll's attack.
A gnoll comes into view. It is wielding a +0 flail.
You block the gnoll's attack. You block the gnoll's attack.
The gnoll hits you from afar with a +0 halberd.
The gnoll barely misses you.
The gnoll hits you from afar with a +0 halberd!
The gnoll hits you with a +0 halberd.
* * * LOW HITPOINT WARNING * * *
You hit the gnoll.
The gnoll is lightly wounded.
You block the gnoll's attack. x2
You barely miss the gnoll.
The gnoll is lightly wounded.
The gnoll hits you with a +0 halberd!
* * * LOW HITPOINT WARNING * * *
You hit the gnoll.
The gnoll is heavily wounded.
The gnoll hits you with a +0 halberd!
You die...

# ~#################
~~~~~~~~.wgg@...#
#####~#~#~~..#####.#
#..~~~~~.~...# ..
#....~......## .#
#........g.## #
#.......######
#.####.## ...
o.####.###....
...##..........


You could see a worm and 2 gnolls.

Vanquished Creatures
  A river rat (D:3)
  3 adders (D:2)
  A worm (D:2)
  An orc (D:3)
  2 endoplasms
  4 giant cockroaches
  6 goblins
  4 hobgoblins
  A ball python (D:3)
  3 bats
  2 frilled lizards
  4 kobolds
  A rat (D:1)
33 creatures vanquished.

Vanquished Creatures (others)
  An orc priest (D:3)
  An orc wizard (D:3)
  A gnoll (D:3)
  An orc (D:3)
4 creatures vanquished.

Grand Total: 37 creatures vanquished

Notes
Turn   | Place    | Note
-------+----------+-------------------------------------------
     0 | D:1      | gzilladon the Hill Orc Monk began the quest for the Orb.
     0 | D:1      | Reached XP level 1. HP: 19/19 MP: 1/1
    87 | D:2      | Reached XP level 2. HP: 18/27 MP: 2/2
   545 | D:3      | Became a worshipper of Beogh the Brigand
   545 | D:3      | Reached * piety under Beogh
   545 | D:3      | Reached ** piety under Beogh
  1027 | D:1      | Found Lenkeg's General Store.
  1038 | D:1      | Reached XP level 3. HP: 30/33 MP: 3/3
  1065 | D:1      | Found a faded altar of an unknown god.
  1608 | D:2      | Reached skill level 5 in Axes
  1702 | D:2      | Reached XP level 4. HP: 32/40 MP: 4/4
  2158 | D:3      | Reached skill level 1 in Armour
  2319 | D:3      | HP: 1/40 [gnoll/+0 halberd (11)]
  2320 | D:3      | Mangled by a gnoll

Illustrated notes

Levels and vault maps discovered:
D:1:      onia_arrival_pyramid, layout_basic, serial_shops, shop,
          hellmonk_ecumenical_altar_zigzags, minmay_misc_feat_cross
D:2:      layout_basic, fountainhead
D:3:      layout_loops_cross, mainiacjoe_overflow_boulevard,
          nemelex_diamond_rough_becter, mainiacjoe_overflow_tiny_flanked,
          trog_book, lightli_sewer_entry_pipes

Skill      XL: |  1  2  3  4 |
---------------+-------------+-----
Fighting       | 4 |  4.1
Axes           | 5 |  5.5
Armour         | 1 |  1.0
Dodging        | |  2.7
Stealth        | |  1.5
Shields        | |  0.7

Action                   |  1- 3 |  4- 6 || total
-------------------------+-------+-------++-------
Melee: Hand axe          |    93 |    46 ||   139
Invok: Convert to Beogh  |     1 |       ||     1
Armor: Scale mail        |    69 |    13 ||    82
Dodge: Dodged            |    42 |    11 ||    53
Block: Tower shield      |    48 |    32 ||    80
